 Dungeon Crawl Stone Soup version 0.29.1-1-gd02db6906a (webtiles) character file.

Game seed: 10610557244176889857

47113 RatsInWalls the Convoker (level 14, -8/88 HPs)
             Began as a Tengu Summoner on Oct 23, 2022.
             Was a High Priest of Vehumet.
             Killed from afar by a fire dragon (45 damage)
             ... with a blast of flame
             ... on level 11 of the Dungeon.
             The game lasted 01:32:22 (18342 turns).

RatsInWalls the Convoker (Tengu Summoner)          Turns: 18342, Time: 01:32:22

Health: -8/88      AC:  6    Str: 11    XL:     14   Next: 40%
Magic:  19/29      EV: 20    Int: 19    God:    Vehumet [*****.]
Gold:   905        SH:  0    Dex: 14    Spells: 6/34 levels left

rFire   . . .      SeeInvis +   K - staff of conjuration
rCold   . . .      Faith    .   (no shield)
rNeg    . . .      Spirit   .   G - +2 robe {Archmagi}
rPois   .          Reflect  .   (helmet restricted)
rElec   .          Harm     .   A - scarf {repulsion}
rCorr   .          Rampage  .   n - +0 pair of gloves
Will    ++...      Archmagi +   (boots unavailable)
Stlth   ++........              k - amulet of magic regeneration
HPRegen 0.24/turn               i - ring of willpower
MPRegen 0.61/turn               v - ring of see invisible

@: flying quickly and evasively, studying 2 skills, repel missiles, quick
A: beak, talons 3, nimble flight
a: Renounce Religion


You were on level 11 of the Dungeon.
You worshipped Vehumet.
Vehumet was extremely pleased with you.
You visited 3 branches of the dungeon, and saw 18 of its levels.
You also visited: Bailey, Ice Cave and Volcano.

You collected 1280 gold pieces.
You spent 375 gold pieces at shops.

Inventory:

Hand Weapons
 r - the +7 bardiche of Vosim {vamp, Int+5}
   (You found it in a bailey)

   It occasionally heals its wielder for a portion of the damage dealt when it
   wounds a living foe.
   Int:       It affects your intelligence (+5).
 D - a +2 quarterstaff of chaos
Armour
 l - a +0 buckler
 n - a +0 pair of gloves (worn)
 A - a scarf of repulsion (worn)
 G - a +2 robe of the Archmagi (worn)
 N - +0 swamp dragon scales
 Q - +0 steam dragon scales
Magical Staves
 K - a staff of conjuration (weapon)
Jewellery
 i - a ring of willpower (left hand)
 k - an amulet of magic regeneration (around neck)
 u - a ring of protection from cold
 v - a ring of see invisible (right hand)
 I - a ring of resist corrosion
 L - an amulet of guardian spirit
Wands
 a - a wand of flame (8)
 f - a wand of light (8)
 w - a wand of digging (6)
 z - a wand of roots (9)
 H - a wand of charming (12)
 J - a wand of polymorph (12)
Scrolls
 d - 3 scrolls of enchant weapon
 p - a scroll of silence {unknown}
 s - 3 scrolls of enchant armour
 t - 4 scrolls of blinking
 x - 5 scrolls of poison
 y - a scroll of fog
 F - 4 scrolls of teleportation
 M - 2 scrolls of magic mapping
 R - a scroll of identify
Potions
 b - 4 potions of magic
 c - a potion of brilliance
 e - 3 potions of cancellation
 g - 6 potions of haste
 h - 10 potions of curing
 j - 5 potions of heal wounds
 m - 2 potions of lignification
 o - 2 potions of resistance
 q - 3 potions of might
 B - 2 potions of ambrosia {unknown}
 E - 2 potions of mutation
 O - 3 potions of invisibility {unknown}
 P - a potion of experience {unknown}
Miscellaneous
 C - a condenser vane


   Skills:
 + Level 10.8 Fighting
 - Level 2.7 Staves
 - Level 10.1 Armour
 + Level 10.5 Dodging
 - Level 2.0 Stealth
 + Level 10.6 Spellcasting
 + Level 7.9 Conjurations
 + Level 15.3 Summonings
 - Level 9.5 Air Magic


You had 6 spell levels left.
You knew the following spells:

 Your Spells              Type           Power      Damage    Failure   Level
a - Summon Small Mammal   Summ           100%       N/A       0%          1
b - Call Imp              Summ           80%        N/A       1%          2
c - Call Canine Familiar  Summ           80%        N/A       1%          3
d - Summon Hydra          Summ           40%        N/A       11%         7
e - Summon Lightning Spi  Summ/Air       72%        N/A       1%          4
g - Lightning Bolt        Conj/Air       39%        1d57      1%          5
h - Summon Cactus Giant   Summ           40%        N/A       1%          6

Your spell library contained the following spells:

 Spells                   Type           Power      Damage    Failure   Level
 Lee's Rapid Deconstruct  Erth           7%         3d8*      41%         5
 Magic Dart               Conj           100%       1d8       1%          1
 Searing Ray              Conj           100%       2d8       1%          2
 Summon Guardian Golem    Hex/Summ       56%        N/A       1%          3
 Scorch                   Fire           30%        2d7       3%          2
 Flame Wave               Conj/Fire      54%        2d13      4%          4
 Fulminant Prism          Conj/Hex       27%        3d14      4%          4
 Freezing Cloud           Conj/Ice/Air   32%        6-21      4%          5
 Slow                     Hex            60%        N/A       7%          1
 Blink                    Tloc           30%        N/A       11%         2
 Sublimation of Blood     Necr           15%        N/A       11%         2
 Wereblood                Tmut           15%        N/A       11%         2
 Confusing Touch          Hex            15%        N/A       21%         3
 Lesser Beckoning         Tloc           15%        N/A       21%         3
 Vampiric Draining        Necr           15%        2d7       21%         3
 Silence                  Hex/Air        21%        N/A       26%         5
 Passage of Golubria      Tloc           15%        N/A       56%         4
 Alistair's Intoxication  Tmut/Pois      10%        N/A       88%         5
 Borgnjor's Vile Clutch   Necr/Erth      7%         N/A       88%         5
 Manifold Assault         Tloc           15%        N/A       88%         5
 Eringya's Noxious Bog    Tmut/Pois      7%         N/A       92%         6
 Simulacrum               Ice/Necr       7%         N/A       100%        6
 Lehudib's Crystal Spear  Conj/Erth      27%        10d7      100%        8
 Polar Vortex             Ice            7%         N/A       100%        9


Dungeon Overview and Level Annotations

Branches:
Dungeon (12/15)            Temple (1/1) D:4            Lair (5/5) D:11
  Swamp (0/4) Lair:3       Spider (0/4) Lair:2        Slime (0/5) Lair:4
    Orc (0/2) D:10         Bailey (visited)           IceCv (visited)
Volcano (visited)

Altars:
Ashenzari
Cheibriados
Dithmenos
Elyvilon
Fedhas
Gozag
Hepliaklqana
Kikubaaqudgha
Makhleb
Nemelex Xobeh
Okawaru
Qazlal
Ru
Sif Muna
Trog
Uskayaw
Vehumet
Wu Jian
Xom
Yredelemnul
Zin
The Shining One
Jiyva

Shops:
D:3 ?   D:8 [   D:9 *

Annotations:
D:4 3 runed translucent doors, RascalDebosk's ghost, amateur DjCj


Innate Abilities, Weirdness & Mutations

You have a beak for a mouth.
You have claws for feet.
Your magical nature lets you fly swiftly and evasively.


Message History

The naga changes into a bullfrog!
The fire dragon completely misses you. The fire dragon claws you.
The fire dragon completely misses you.
The manticore misses you. x2; The manticore claws you!
The raiju bites you. The raiju shocks you!
You fly upwards.
There is a stone staircase leading down here.
Unknown command.
Casting: Summon Hydra (quite dangerous; 11% risk of failure)
Confirm with . or Enter, or press ? or * to list all spells.
You feel a surge of power! The manticore misses you. The manticore claws you!
The manticore closely misses you. The fire dragon barely misses you. x2
The fire dragon tramples you.
You are shoved backwards!
The raiju bursts into living lightning!
The living lightning hits you!!
* * * LOW HITPOINT WARNING * * *
The raiju blinks!
You feel much better.
The manticore flicks its tail.
The volley of spikes misses you. The fire dragon barely misses you.
The fire dragon completely misses you. The fire dragon closely misses you.
You swap places.
The fire dragon is struck by your cactus giant's spines.
The fire dragon bites your cactus giant!!
The fire dragon claws your cactus giant.
The fire dragon tramples your cactus giant!
Your cactus giant stumbles backwards!
Unknown command.
Casting: Summon Cactus Giant (dangerous; 1% risk of failure)
Confirm with . or Enter, or press ? or * to list all spells.
The spell is quite dangerous to miscast (11% risk of failure)!
Continue anyway?
You feel a surge of power!
A seven-headed hydra appears.
Your cactus giant hits the fire dragon with a +0 giant spiked club!!
The fire dragon bites you but does no damage.
The fire dragon claws you! The fire dragon completely misses you.
Unknown command.
The fire dragon breathes flames at you.
The blast of flame hits your cactus giant!!!
The blast of flame hits you!!!
Ouch! That really hurt!
You die...

#.## ####...# ###.##.#
#.#######.....## #...##.#
#.#..........## ######.####.#
..#.######.#.######.>....# #.#
..[..####...........###### #.#
...#....................# #.#
......#...............).# #.#
.##..............h......# #.#
............)...@C.)....# #.#
......)...........D....รท# #.#
#.................H>(...### #.###
...^...........D..........###)...
###.......................).)....
....#.....................###...)
..####....................# #....
.### #.................)..###....
...# #........................)..


You could see a fire dragon (catching breath, ally target), a manticore, a
raiju, a friendly seven-headed hydra (summoned) and a friendly cactus giant
(summoned).

Vanquished Creatures
  A two-headed ogre (D:10)
  A harpy (Lair:5)
  A gargoyle (Volcano)
  3 cane toads
  An unseen horror (D:11)
  A kobold demonologist (D:11)
  A komodo dragon (Lair:1)
  Maggie (Lair:2)
  A meliai (D:12)
  2 dream sheep (Lair:2)
  A wyvern (Lair:2)
  5 yaks
  A redback (Lair:2)
  3 water moccasins
  A sky beast (D:6)
  A black bear (Lair:3)
  3 bullfrogs
  2 wights
  An orc priest (D:7)
  An orc wizard (D:9)
  4 adders
  2 gnolls
  A worm (D:2)
  2 dart slugs
  4 orcs (D:7)
  2 endoplasms
  4 goblins
  A hobgoblin (D:3)
  2 quokkas (D:3)
  A bat (D:3)
  A frilled lizard (D:1)
  4 kobolds
60 creatures vanquished.

Vanquished Creatures (collateral kills)
  A stone giant (Volcano)
  Snorg (D:11)
  3 boulder beetles
  3 hydras
  Erica (D:8)
  3 two-headed ogres
  A merfolk avatar (Lair:5)
  2 sea snakes (Lair:5)
  An orc knight (D:11)
  2 wolf spiders (Lair:3)
  A deep elf pyromancer (D:8)
  3 manticores (Lair:5)
  A cyclops (D:11)
  4 black mambas
  5 elephants (Lair:5)
  A gargoyle (Volcano)
  12 cane toads
  6 komodo dragons
  2 kobold demonologists (D:11)
  2 rime drakes
  An efreet (Volcano)
  2 polar bears
  A wind drake (Lair:5)
  4 trolls
  2 hornets (Lair:5)
  Prince Ribbit (D:6)
  4 blink frogs
  2 dream sheep
  A shadow (D:11)
  4 wyverns
  26 yaks
  2 fire elementals (Volcano)
  A vampire mosquito (D:10)
  A steam dragon (Lair:5)
  2 basilisks
  10 water moccasins
  7 orc warriors
  3 black bears
  2 sky beasts
  8 wolves
  An ogre (D:6)
  A centaur (D:10)
  A necrophage (D:5)
  5 earth elementals (Volcano)
  2 kobold brigands
  6 scorpions
  13 bullfrogs
  Dowan (D:6)
  15 wights
  2 killer bees (D:9)
  2 nameless horrors
  A howler monkey (D:5)
  3 gnoll boudas
  3 orc priests
  2 hounds (D:6)
  3 jellies
  Jessica (D:2)
  2 iguanas
  4 orc wizards
  4 hell rats (Lair:3)
  18 gnolls
  2 adders
  A shadow imp (D:6)
  14 white imps
  2 adder zombies (D:4)
  A worm (D:2)
  A dart slug (D:1)
  37 orcs
  7 bats
  9 endoplasms
  4 giant cockroaches
  5 goblins
  4 hobgoblins
  2 jackals (D:5)
  8 kobolds
  2 ball pythons
  2 frilled lizards (D:1)
  5 rats
335 creatures vanquished.

Vanquished Creatures (others)
  A hydra (D:11)
  3 two-headed ogres
  An orc knight (Bailey)
  A manticore (D:8)
  8 yaks
  3 vampire mosquitoes (D:10)
  A wraith (D:6)
  Duvessa (D:6)
  An orc warrior (Bailey)
  4 wights
  2 killer bees (D:9)
  Crazy Yiuf (D:6)
  23 fungi
  91 plants
141 creatures vanquished.

Grand Total: 536 creatures vanquished

Notes
Turn   | Place    | Note
-------+----------+-------------------------------------------
     0 | D:1      | RatsInWalls the Tengu Summoner began the quest for the Orb.
     0 | D:1      | Reached XP level 1. HP: 10/10 MP: 4/4
    69 | D:1      | Found a faded altar of an unknown god.
   214 | D:1      | Reached skill level 5 in Summonings
   214 | D:1      | Reached XP level 2. HP: 3/16 MP: 4/6
   463 | D:1      | Learned a level 2 spell: Call Imp
   991 | D:1      | Found an ancient bone altar of Kikubaaqudgha.
  1142 | D:2      | Reached skill level 1 in Fighting
  1142 | D:2      | Reached XP level 3. HP: 20/20 MP: 3/7
  1648 | D:2      | Noticed Jessica
  1666 | D:2      | Killed Jessica
  1667 | D:2      | Reached XP level 4. HP: 19/25 MP: 8/8
  2782 | D:3      | Found Yvoh's Magic Scroll Shoppe.
  2790 | D:3      | Bought a scroll of blinking for 75 gold pieces
  2790 | D:3      | Bought a scroll of identify for 20 gold pieces
  3214 | D:3      | Learned a level 3 spell: Call Canine Familiar
  3300 | D:4      | Found a white marble altar of Elyvilon.
  3392 | D:4      | Found a staircase to the Ecumenical Temple.
  3410 | Temple   | Entered the Ecumenical Temple
  3444 | Temple   | Became a worshipper of Vehumet
  3490 | D:4      | Gained mutation: Your magical nature lets you fly swiftly
                  | and evasively. [Tengu growth]
  3490 | D:4      | Reached XP level 5. HP: 30/30 MP: 8/10
  3657 | D:4      | Found a large runed translucent door.
  3658 | D:4      | Found a large runed translucent door.
  4007 | D:4      | Found a runed translucent gate.
  4007 | D:4      | Found a runed translucent gate.
  4007 | D:4      | Found a runed translucent gate.
  4007 | D:4      | Noticed RascalDebosk's ghost (amateur DjCj)
  4009 | D:4      | Found a basalt altar of Yredelemnul.
  4428 | D:4      | Found a snail-covered altar of Cheibriados.
  4440 | D:4      | Found a hide-covered altar of Uskayaw.
  4490 | D:5      | Entered Level 5 of the Dungeon
  4537 | D:5      | Reached XP level 6. HP: 36/36 MP: 6/11
  4687 | D:5      | Reached skill level 6 in Summonings
  4757 | D:5      | Found a glowing silver altar of Zin.
  4804 | D:5      | Reached * piety under Vehumet
  4804 | D:5      | Offered knowledge of Sandblast by Vehumet.
  4935 | D:5      | Reached XP level 7. HP: 41/41 MP: 11/13
  4964 | D:5      | Learned a level 2 spell: Searing Ray
  5122 | D:5      | Found a hazy altar of Hepliaklqana.
  5150 | D:5      | Reached skill level 1 in Conjurations
  5438 | D:6      | Reached skill level 5 in Dodging
  5522 | D:6      | Reached skill level 7 in Summonings
  5522 | D:6      | Reached XP level 8. HP: 48/48 MP: 15/15
  5525 | D:6      | Noticed a two-headed ogre
  5527 | D:6      | Noticed Prince Ribbit
  5882 | D:7      | Reached ** piety under Vehumet
  5882 | D:7      | Offered knowledge of Scorch by Vehumet.
  6052 | D:7      | Reached skill level 1 in Armour
  6392 | D:6      | Noticed a wraith
  6404 | D:6      | Noticed Duvessa
  6404 | D:6      | Noticed Dowan
  6458 | D:6      | Reached skill level 5 in Spellcasting
  6677 | D:6      | Killed a two-headed ogre
  6678 | D:6      | Reached skill level 5 in Conjurations
  6678 | D:6      | Reached skill level 8 in Summonings
  6678 | D:6      | Reached XP level 9. HP: 45/52 MP: 12/18
  7015 | D:5      | Learned a level 4 spell: Summon Lightning Spire
  7019 | D:5      | Learned a level 3 spell: Summon Guardian Golem
  7089 | D:6      | Killed Duvessa
  7116 | D:6      | Reached skill level 1 in Air Magic
  7141 | D:6      | Killed Dowan
  7276 | D:6      | Killed Prince Ribbit
  7326 | D:6      | Reached skill level 5 in Fighting
  7345 | D:6      | Found a runed translucent door.
  7346 | D:6      | Noticed Crazy Yiuf
  7360 | D:6      | Killed Crazy Yiuf
  7562 | D:6      | Found a burning altar of Makhleb.
  7562 | D:6      | Noticed a green death
  7566 | D:6      | Noticed a smoke demon
  7746 | D:7      | Offered knowledge of Poisonous Vapours by Vehumet.
  8115 | D:8      | Found a sparkling altar of Nemelex Xobeh.
  8137 | D:8      | Reached skill level 1 in Staves
  8137 | D:8      | Reached skill level 9 in Summonings
  8137 | D:8      | Reached XP level 10. HP: 59/59 MP: 13/20
  8172 | D:8      | Noticed Erica
  8210 | D:8      | Reached *** piety under Vehumet
  8242 | D:8      | Killed Erica
  8303 | D:8      | Found Cipohem's Armour Boutique.
  8555 | D:8      | Reached skill level 5 in Air Magic
  8565 | D:8      | Offered knowledge of Sticky Flame by Vehumet.
  8578 | D:8      | Noticed a two-headed ogre
  8589 | D:8      | Killed a two-headed ogre
  8729 | D:8      | Noticed a two-headed ogre
  8746 | D:8      | Killed a two-headed ogre
  8747 | D:8      | Reached skill level 10 in Summonings
  8812 | D:8      | Noticed a manticore
  8848 | D:8      | Killed a manticore
  8849 | D:8      | Reached XP level 11. HP: 66/66 MP: 18/22
  8985 | D:8      | Noticed a deep elf pyromancer
  8999 | D:8      | Killed a deep elf pyromancer
  9450 | D:9      | Found a sacrificial altar of Ru.
  9997 | D:9      | Found Rivanuas's Assorted Antiques.
 10005 | D:9      | Bought a potion of haste for 280 gold pieces
 10171 | D:10     | Entered Level 10 of the Dungeon
 10209 | D:10     | Reached **** piety under Vehumet
 10221 | D:10     | Reached skill level 11 in Summonings
 10259 | D:10     | Offered knowledge of Inner Flame by Vehumet.
 10394 | D:10     | Found a flagged portal.
 10456 | Bailey   | Entered a bailey
 10861 | Bailey   | Identified the +7 bardiche of Vosim {vamp, Int+5}
 10863 | Bailey   | Noticed an orc knight
 10883 | Bailey   | Killed an orc knight
 11073 | D:10     | You are sucked into a shaft and drop 1 floor!
 11099 | D:11     | Noticed a two-headed ogre
 11102 | D:11     | Noticed Snorg
 11102 | D:11     | Noticed a two-headed ogre
 11132 | D:11     | Reached ***** piety under Vehumet
 11132 | D:11     | Offered knowledge of Lightning Bolt by Vehumet.
 11140 | D:11     | Killed a two-headed ogre
 11141 | D:11     | Reached skill level 12 in Summonings
 11156 | D:11     | Learned a level 5 spell: Lightning Bolt
 11188 | D:11     | Killed Snorg
 11189 | D:11     | Reached skill level 5 in Armour
 11189 | D:11     | Reached XP level 12. HP: 73/73 MP: 23/25
 11224 | D:11     | Killed a two-headed ogre
 11375 | D:11     | Noticed an eight-headed hydra
 11384 | D:11     | Killed an eight-headed hydra
 11415 | D:11     | Noticed a two-headed ogre
 11423 | D:11     | Killed a two-headed ogre
 11595 | D:10     | Noticed a two-headed ogre
 11606 | D:10     | Killed a two-headed ogre
 11799 | D:10     | Learned a level 6 spell: Summon Cactus Giant
 11850 | D:10     | Found a shimmering blue altar of Sif Muna.
 11929 | D:10     | Found a staircase to the Orcish Mines.
 12129 | D:11     | Noticed a boulder beetle
 12166 | D:11     | Killed a boulder beetle
 12179 | D:11     | Identified the +3 leather armour of Fyiman {Rampage Int+4}
 12264 | D:11     | Found a staircase to the Lair.
 12426 | Lair:1   | Entered Level 1 of the Lair of Beasts
 12483 | Lair:1   | Reached skill level 13 in Summonings
 12514 | Lair:1   | Noticed a boulder beetle
 12528 | Lair:1   | Killed a boulder beetle
 12693 | Lair:1   | Noticed a boulder beetle
 12701 | Lair:1   | Killed a boulder beetle
 12702 | Lair:1   | Reached XP level 13. HP: 80/80 MP: 18/27
 13711 | Lair:2   | Found a hole to the Spider Nest.
 13850 | Lair:2   | Found a dark tunnel.
 14043 | Volcano  | Entered a volcano
 14064 | Volcano  | Noticed a stone giant
 14071 | Volcano  | Killed a stone giant
 14074 | Volcano  | Reached skill level 10 in Armour
 14398 | Lair:2   | Noticed Maggie
 14406 | Lair:2   | Killed Maggie
 14665 | Lair:3   | Reached skill level 10 in Fighting
 14665 | Lair:3   | Reached skill level 10 in Spellcasting
 15085 | Lair:2   | Learned a level 7 spell: Summon Hydra
 15124 | Lair:3   | Reached skill level 14 in Summonings
 15514 | Lair:3   | Found a staircase to the Swamp.
 15862 | Lair:4   | Found a frozen archway.
 15871 | IceCv    | Entered an ice cave
 16073 | Lair:4   | Offered knowledge of Lee's Rapid Deconstruction by Vehumet.
 16333 | Lair:4   | Found a viscous altar of Jiyva.
 16334 | Lair:4   | Found a staircase to the Slime Pits.
 16467 | Lair:5   | Entered Level 5 of the Lair of Beasts
 16503 | Lair:5   | Reached skill level 10 in Dodging
 16508 | Lair:5   | Reached XP level 14. HP: 85/88 MP: 5/29
 16931 | Lair:5   | Identified a scroll of acquirement
 16931 | Lair:5   | Acquired a staff of conjuration
 16949 | Lair:5   | Reached skill level 15 in Summonings
 18342 | D:11     | Killed from afar by a fire dragon

Illustrated notes

Levels and vault maps discovered:
D:1:      dpeg_arrival_lava_altar, layout_rooms,
          chequers_ecumenical_altar_simple, chequers_serial_rivers_marsh
D:2:      layout_loops_corners, uniq_jessica
D:3:      layout_basic, serial_shops, shop, minmay_quadrilaterals
D:4:      layout_loops_corners, nicolae_yredelemnul_ghost_church,
          mainiacjoe_overflow_surrounded_room, jmf_multi_god_temple2,
          minmay_temple_entry_ruins, serial_forest,
          infiniplex_forest_straight_2, infiniplex_forest_zigzag_1,
          infiniplex_forest_lined_1, infiniplex_forest_clump_tiny,
          infiniplex_forest_end_double, infiniplex_forest_clump_small,
          infiniplex_forest_lined_ring, infiniplex_forest_corner_2,
          infiniplex_forest_pool, kennysheep_another_room
D:5:      layout_loops_ring, lemuel_crystal_altar, mainiacjoe_overflow_catwalk,
          serial_bayou_lagoon_a
D:6:      layout_loops_cross, makhleb_altar_promises_db, minmay_manual_mail,
          uniq_crazy_yiuf_cottage, uniq_prince_ribbit1, uniq_duvessa
D:7:      layout_loops_ring
D:8:      layout_cave_pools, nemelex_spade_bored_becter, serial_shops,
          nicolae_shop_temple_entry_statues_fountains, hangedman_decor_growths,
          wad_mini_maze, uniq_erica
D:9:      layout_long_grid, overflow_temple_1_default, serial_shops,
          nicolae_lakefront_shop
D:10:     layout_loops_ring, kennysheep_mini_moat,
          minmay_orc_entry_temple_small, enter_bailey_5
D:11:     layout_rooms, david_lair_shrubbed, uniq_snorg
D:12:     minmay_ambush_box, layout_loops_cross, serial_shops,
          nicolae_shop_bloodbath_and_beyond
Temple:   hellmonk_temple_two_chambers
Lair:1:   layout_hall_layers, chequers_serial_rivers_room_b,
          nzn_sisyphean_effort, lemuel_fruit_tree, serial_bayou_shore_a
Lair:2:   layout_loops_ring, spider_nest_entry_rubble,
          lightli_volcano_entry_magma_tube, nicolae_quartered_pool_super,
          minmay_hedge_maze, uniq_maggie
Lair:3:   layout_cave_shapes, swamp_mist, nicolae_lair_run_with_the_wolves
Lair:4:   layout_roguey, dpeg_slime_entry_enclosed, portal_ice_cave_entry_imps,
          guppyfry_lair_drakes, grunt_megastairs_4
Lair:5:   gammafunk_lair_ancient_temple, layout_gridlike

Skill      XL: |  1  2  3  4  5  6  7  8  9 10 11 12 13 14 |
---------------+-------------------------------------------+-----
Summonings     | 5 6 7 8 9 10 12 13 14 15 | 15.3
Fighting       | 1 2 3 4 5 6 8 9 10 | 10.8
Dodging        | 3 4 5 6 7 8 9 10 | 10.5
Spellcasting   | 3 4 5 6 7 8 9 10 | 10.6
Conjurations   | 2 5 6 7 |  7.9
Armour         | 3 5 8 10 | 10.1
Air Magic      | 3 5 8 9 |  9.5
Staves         | 1 2 |  2.7
Stealth        | |  2.0

Action                   |  1- 3 |  4- 6 |  7- 9 | 10-12 | 13-15 || total
-------------------------+-------+-------+-------+-------+-------++-------
Melee: Unarmed           |     3 |       |       |       |       ||     3
       Kick              |     3 |    12 |     9 |     6 |     3 ||    33
       Hand axe          |     5 |    12 |       |       |       ||    17
       Punch             |     1 |       |       |       |       ||     1
       Dagger            |       |    30 |    31 |     2 |       ||    63
       Peck              |       |     6 |     3 |     1 |     4 ||    14
       Quarterstaff      |       |       |       |     7 |       ||     7
       Bardiche          |       |       |       |       |     8 ||     8
       Staff             |       |       |       |       |     6 ||     6
 Cast: Summon Small Mamm |    40 |    36 |    52 |     4 |       ||   132
       Call Imp          |    11 |    28 |    38 |    11 |     2 ||    90
       Call Canine Famil |       |    18 |    60 |    45 |    24 ||   147
       Searing Ray       |       |       |     6 |       |       ||     6
       Summon Guardian G |       |       |    10 |    51 |       ||    61
       Summon Lightning  |       |       |     4 |    47 |    21 ||    72
       Lightning Bolt    |       |       |       |    17 |    34 ||    51
       Summon Cactus Gia |       |       |       |     6 |    46 ||    52
       Summon Hydra      |       |       |       |       |    16 ||    16
  Use: Scroll            |       |    10 |     4 |     7 |     4 ||    25
       Potion            |       |       |     2 |       |     2 ||     4
 Stab: Sleeping          |       |     4 |       |     1 |       ||     5
       Distracted        |       |       |     2 |       |       ||     2
Armor: Robe              |     2 |    16 |     6 |     4 |    18 ||    46
       Leather armour    |       |       |     1 |       |       ||     1
Dodge: Dodged            |     7 |    38 |    36 |    59 |   120 ||   260
       Repelled          |       |       |     4 |     1 |     2 ||     7
